 Dungeon Crawl Stone Soup version 0.19.0-20-gbc5f0c6 (webtiles) character file.

9732 Chiseanne the Nimble (level 11, -3/72 HPs)
             Began as a Deep Elf Hunter on Nov 17, 2016.
             Was an Initiate of Gozag.
             Slain by a hill giant
             ... wielding a +0 giant club
              (17 damage)
             ... on level 10 of the Dungeon.
             The game lasted 00:32:29 (12694 turns).

Chiseanne the Nimble (Deep Elf Hunter)             Turns: 12694, Time: 00:32:30

Health: -3/72      AC: 12    Str:  9    XL:     11   Next: 26%
Magic:  0/22       EV: 22    Int: 17    God:    Gozag
Gold:   244        SH:  0    Dex: 18    Spells: 0 memorised, 10 levels left

rFire  . . .     SeeInvis .     s - +3 dagger (venom)
rCold  + . .     Gourm    .     S - +2 leather armour {rN+}
rNeg   + . .     Faith    .     (no shield)
rPois  .         Spirit   +     N - +2 hat
rElec  .         Reflect  .     M - +0 cloak
rCorr  .         Harm     .     I - +1 pair of gloves
MR     +....                    (no boots)
Stlth  ++........               D - amulet of guardian spirit
                                y - ring of protection from cold
                                k - ring of magical power

@: about to teleport
A: slimy green scales 1
a: Potion Petition, Call Merchant, Bribe Branch, Renounce Religion


You were on level 10 of the Dungeon.
You worshipped Gozag.
Gozag was aware of your devotion.
You were full.

You visited 2 branches of the dungeon, and saw 11 of its levels.

You collected 1084 gold pieces.
You spent 218 gold pieces at shops.
You paid 622 gold pieces to Gozag.

Inventory:

Hand Weapons
 a - a +2 falchion of protection
 e - a +0 blowgun
 s - a +3 dagger of venom (weapon)
 w - a +1 hand crossbow
 J - a +0 scimitar of flaming
 Q - a +2 trident of freezing
Missiles
 d - 7 curare-tipped needles
 i - 391 stones
 m - 162 arrows
 t - 13 tomahawks
 x - 56 sling bullets
 E - 7 poisoned needles
 K - 8 javelins
 L - 14 bolts
 O - 7 needles of sleeping
 P - 5 tomahawks of returning
 T - 2 poisoned tomahawks (quivered)
Armour
 I - a +1 pair of gloves (worn)
 M - a +0 cloak (worn)
 N - a +2 hat (worn)
 S - a +2 leather armour of positive energy (worn)
Jewellery
 k - a ring of magical power (left hand)
 q - an uncursed ring of ice
 y - a ring of protection from cold (right hand)
 B - an uncursed ring of flight
 D - an amulet of guardian spirit (around neck)
Scrolls
 c - 2 scrolls of amnesia
 g - a scroll of magic mapping
 h - 5 scrolls of remove curse
 j - a scroll of immolation
 H - 4 scrolls of teleportation
 U - a scroll of recharging
Potions
 l - a potion of resistance
 n - 2 potions of lignification
 o - 2 potions of cure mutation
 p - a potion of magic
 r - a potion of haste {unknown}
 u - a potion of heal wounds
 v - 3 potions of curing
 z - a potion of agility {unknown}
 A - a potion of berserk rage
 F - 2 potions of ambrosia {unknown}
 G - a potion of flight {unknown}
Books
 b - a book of Cantrips

   Spells                             Type                      Level
   a - Confusing Touch                Hexes                        1
   b - Animate Skeleton               Necromancy                   1
   c - Summon Small Mammal            Summoning                    1
   d - Apportation                    Translocation                1
Miscellaneous
 V - a lamp of fire
Comestibles
 f - 13 bread rations
 C - 6 meat rations
 R - 3 royal jellies


   Skills:
 + Level 10.1 Fighting
 - Level 6.3 Crossbows
 + Level 13.9 Dodging
 - Level 1.2 Stealth


You had 10 spell levels left.
You didn't know any spells.

Dungeon Overview and Level Annotations

Branches:
Dungeon (10/15)            Temple (1/1) D:4            Lair (0/6) D:10
    Orc (0/2) D:10

Altars:
Ashenzari
Cheibriados
Dithmenos
Elyvilon
Fedhas
Gozag
Hepliaklqana
Kikubaaqudgha
Makhleb
Nemelex Xobeh
Okawaru
Qazlal
Ru
Sif Muna
Trog
Uskayaw
Vehumet
Xom
Yredelemnul
Zin
The Shining One

Shops:
D:10 (

Annotations:
D:10 1 runed door


Innate Abilities, Weirdness & Mutations

You are partially covered in slimy green scales. (AC +2)


Message History

You destroy the killer bee zombie!
You now have 244 gold pieces (gained 6).
There is an open door here.
There are no items here.
You close the door.
Something unseen opens the door.
Wield which item (- for none, * to show all)? (? for menu, Esc to quit)
Your +2 falchion of protection goes still.
Your +3 dagger of venom begins to drip with poison!
s - a +3 dagger of venom (weapon)
A hill giant comes into view. It is wielding a giant club.
You hit the hill giant.
The hill giant is lightly wounded.
The hill giant hits you with a giant club!!
* * * LOW HITPOINT WARNING * * *
As you read the scroll of teleportation, it crumbles to dust.
You feel strangely unstable.
The hill giant hits you with a giant club!!
You die...
Your body crumbles into a pile of gold.

..# #># #..##......##.........#
..###.###..#.......#..#.......#
...........#.........###.....##
#.###...#..#.......###.'#...#####
#.# ###.#..##.....##....#####<)[.
#.# ##.#..###...##8....# ####.
#.# ##.#...# #####......+ #.
#.###.###..# #.$.C......# #.
#....## ##.# #$$@#....8## #.
#####.###..#######....## #.
##.....#.#..# #$.### #.
........##### .### #. ##.####.#
.* #. #.# #.# ..) #. #.####.####
.... ####. #.........##.....
#.... ######.###.##...#
######.###


You could see a hill giant.

Vanquished Creatures
  Erica (D:9)
  Sonja (D:10)
  2 unseen horrors (D:10)
  A manticore (D:10)
  A komodo dragon (D:10)
  A tengu conjurer (D:10)
  A queen bee (D:8)
  A two-headed ogre (D:9)
  4 hippogriffs
  A slime creature (D:10)
  A yak (D:10)
  Duvessa (D:6)
  4 orc warriors
  3 black bears (D:9)
  A sky beast (D:9)
  A phantom (D:7)
  3 necrophages
  5 ogres
  5 centaurs
  A crocodile (D:8)
  Blork the orc (D:5)
  2 bullfrogs
  A gnoll sergeant (D:9)
  A water moccasin zombie (D:10)
  Dowan (D:6)
  5 scorpions
  A water moccasin skeleton (D:4)
  14 killer bees (D:8)
  2 howler monkeys (D:10)
  9 crimson imps
  10 hounds
  A quasit (D:8)
  A bullfrog zombie (D:8)
  A jelly (D:6)
  10 orc priests
  A bullfrog skeleton (D:9)
  An iguana (D:5)
  3 orc wizards
  7 worker ants
  A killer bee zombie (D:10)
  2 hound zombies
  The ghost of dscm the Insei, a weakling OpTm (D:5)
  A howler monkey zombie (D:9)
  Robin (D:2)
  7 gnolls
  11 adders
  2 shadow imps
  An ooze (D:2)
  3 worms
  3 dart slugs
  3 leopard geckos
  46 orcs
  20 bats
  7 giant cockroaches
  6 hobgoblins
  6 quokkas
  3 ball pythons
  4 frilled lizards
  14 goblins
  15 kobolds
  A leopard gecko zombie (D:9)
  9 rats
  A fungus (D:10)
279 creatures vanquished.

Vanquished Creatures (collateral kills)
  An iguana (D:7)
  An adder (D:7)
  3 jackals (D:7)
5 creatures vanquished.

Vanquished Creatures (others)
  A jackal (D:7)
1 creature vanquished.

Grand Total: 285 creatures vanquished

Notes
Turn   | Place    | Note
-------+----------+-------------------------------------------
     0 | D:1      | Chiseanne the Deep Elf Hunter began the quest for the Orb.
     0 | D:1      | Reached XP level 1. HP: 12/12 MP: 3/3
   126 | D:1      | Reached XP level 2. HP: 17/17 MP: 4/4
   777 | D:1      | Reached skill level 3 in Dodging
   777 | D:1      | Reached XP level 3. HP: 21/21 MP: 5/5
   970 | D:2      | Noticed Robin
   973 | D:2      | Killed Robin
  1188 | D:2      | Reached XP level 4. HP: 26/26 MP: 6/6
  1383 | D:2      | Found a faded altar of an unknown god.
  1678 | D:2      | Gained mutation: You are partially covered in slimy green scales. (AC +2) [potion of beneficial mutation]
  1739 | D:3      | Reached skill level 4 in Dodging
  1739 | D:3      | Reached XP level 5. HP: 31/31 MP: 7/7
  1953 | D:3      | Reached skill level 5 in Crossbows
  2816 | D:4      | Reached XP level 6. HP: 32/36 MP: 8/8
  2911 | D:4      | Found a shadowy altar of Dithmenos.
  3064 | D:4      | Found a staircase to the Ecumenical Temple.
  3277 | D:4      | Reached skill level 5 in Dodging
  3785 | D:5      | Entered Level 5 of the Dungeon
  3808 | D:5      | Noticed dscm's ghost (weakling OpTm)
  3831 | D:5      | Reached XP level 7. HP: 38/41 MP: 9/9
  3842 | D:5      | Killed dscm's ghost
  4243 | D:5      | Reached skill level 6 in Dodging
  4533 | D:5      | Noticed Blork the orc
  4546 | D:5      | Killed Blork the orc
  4929 | D:5      | Found an iron altar of Okawaru.
  5149 | D:5      | Reached XP level 8. HP: 43/47 MP: 10/10
  5191 | D:5      | Reached skill level 7 in Dodging
  5339 | D:6      | Noticed Duvessa
  5352 | D:6      | Killed Duvessa
  5362 | D:6      | Reached skill level 5 in Fighting
  5379 | D:6      | Noticed Dowan
  5386 | D:6      | Killed Dowan
  5654 | D:6      | Reached skill level 8 in Dodging
  6468 | D:7      | Reached skill level 9 in Dodging
  6610 | D:7      | Found a burning altar of Makhleb.
  6639 | D:7      | Reached XP level 9. HP: 54/54 MP: 11/11
  7273 | D:7      | Reached skill level 10 in Dodging
  8115 | D:8      | Reached skill level 11 in Dodging
  8596 | D:8      | Noticed a queen bee
  8608 | D:8      | Killed a queen bee
  8618 | D:8      | Reached XP level 10. HP: 37/63 MP: 12/12
  9323 | D:9      | Noticed Erica
  9347 | D:9      | Killed Erica
  9354 | D:9      | Reached skill level 12 in Dodging
  9765 | Temple   | Entered the Ecumenical Temple
  9847 | Temple   | Became a worshipper of Gozag Ym Sagoz the Greedy
 10688 | D:10     | Entered Level 10 of the Dungeon
 10734 | D:10     | Noticed Sonja
 11221 | D:10     | Killed Sonja
 11221 | D:10     | Reached skill level 13 in Dodging
 11240 | D:10     | Found a staircase to the Lair.
 11297 | D:10     | Found a runed door.
 11455 | D:10     | Found a staircase to the Orcish Mines.
 11607 | D:10     | Found a runed door.
 12037 | D:10     | Reached XP level 11. HP: 51/71 MP: 13/13
 12120 | D:10     | Bought a brightly glowing arbalest for 218 gold pieces
 12121 | D:10     | Identified the +12 arbalest "Ebraxzis" {flame, *Contam Str+10 Int-4 Dex+2} (You bought it in a shop on level 10 of the Dungeon)
 12158 | D:10     | Killed an unseen horror
 12442 | D:10     | Noticed an orb spider
 12668 | D:10     | Reached skill level 10 in Fighting
 12677 | D:10     | Killed an unseen horror
 12693 | D:10     | Noticed a hill giant
 12694 | D:10     | Slain by a hill giant

Skill      XL: |  1  2  3  4  5  6  7  8  9 10 11 |
---------------+----------------------------------+-----
Crossbows      | 4 5 6 |  6.3
Dodging        | 3 4 5 6 9 11 13 | 13.9
Fighting       | 2 3 4 6 8 9 10 | 10.1
Stealth        | |  1.2

Action                   |  1- 3 |  4- 6 |  7- 9 | 10-12 || total
-------------------------+-------+-------+-------+-------++-------
Melee: Dagger            |       |   119 |   341 |   406 ||   866
       Falchion          |       |     5 |    52 |    90 ||   147
 Fire: Hand crossbow     |    69 |    71 |   104 |    18 ||   262
Throw: Tomahawk          |       |     1 |     7 |     2 ||    10
       Stone             |       |       |     1 |     5 ||     6
Invok: Call Merchant     |       |       |       |     1 ||     1
  Use: Scroll            |       |    11 |     6 |    10 ||    27
       Potion            |       |     1 |     1 |     4 ||     6
 Stab: Sleeping          |       |     3 |     1 |     2 ||     6
       Invisible         |       |       |     1 |    13 ||    14
  Eat: Chunk             |     1 |     8 |    14 |     4 ||    27
       Pizza             |       |       |       |     3 ||     3
       Beef jerky        |       |       |       |     2 ||     2
       Royal jelly       |       |       |       |     5 ||     5
Armor: Leather armour    |     7 |    46 |    37 |   101 ||   191
       Ring mail         |       |       |    75 |    70 ||   145
Dodge: Dodged            |    14 |   123 |   368 |   581 ||  1086
       Rpst.: Falchion   |       |     2 |    13 |    27 ||    42
